 Seeded DCSS version 0.31-a0-229-g1fc7ce93e2 (webtiles) character file.

Game seed: 13275427502194390118 (custom seed)

62 rocky1 the Slasher (level 4, -6/34 HPs)
             Began as a Merfolk Reaver on July 7, 2023.
             Killed by nerve-wracking pain
             ... invoked by an orc priest
              (9 damage)
             ... on level 3 of the Dungeon.
             The game lasted 00:04:21 (1785 turns).

rocky1 the Slasher (Merfolk Reaver)                 Turns: 1785, Time: 00:04:21

Health: -6/34      AC:  5    Str: 18    XL:     4   Next: 8%
Magic:  7/7        EV: 12    Int: 12    God:
Gold:   77         SH:  0    Dex: 14    Spells: 6/7 levels left

rFire   + . .        a - +0 falchion
rCold   + . .        (no shield)
rNeg    . . .        b - +0 leather armour
rPois   +            d - +1 helmet
rElec   +            (no cloak)
rCorr   +            (no gloves)
SInv    .            (no boots)
Will    .....        (no amulet)
Stlth   +            c - +6 ring of strength
HPRegen 0.25/turn    (no ring)
MPRegen 0.10/turn

%: no passive effects
@: resistant
A: (nimble swimmer 2), mertail
a: no special abilities


You were on level 3 of the Dungeon.
You visited 1 branch of the dungeon, and saw 4 of its levels.

You collected 77 gold pieces.

Inventory:

Hand Weapons
 a - a +0 falchion (weapon)
Missiles
 e - 3 boomerangs (quivered)
 h - 4 javelins
Armour
 b - a +0 leather armour (worn)
 d - a +1 helmet (worn)
Jewellery
 c - a +6 ring of strength (left hand)
Potions
 g - a potion of curing {unknown}


   Skills:
 + Level 2.3 Fighting
 * Level 4.8 Long Blades
 + Level 0.3 Armour
 + Level 3.0 Dodging
 + Level 0.1 Stealth
 + Level 2.0 Spellcasting
 + Level 2.6 Conjurations
 * Level 1.3 Ice Magic


You had 6 spell levels left.
You knew the following spells:

 Your Spells              Type           Power      Damage    Failure   Level
a - Kiss of Death         Conj/Necr      16%        2d6       19%         1

Your spell library contained the following spells:

 Spells                   Type           Power      Damage    Failure   Level
 Momentum Strike          Conj/Tloc      8%         3d8       28%         2
 Hailstorm                Conj/Ice       6%         3d4       38%         3
 Ozocubu's Armour         Ice            4%         N/A       50%         3
 Metabolic Englaciation   Hex/Ice        1%         N/A       100%        5
 Simulacrum               Ice/Necr       1%         N/A       100%        6


Dungeon Overview and Level Annotations

Branches:
Dungeon (4/15)
 Temple: D:4-7

Altars:

Shops:
D:1 :==[

Annotations:
D:2 Jessica, Natasha


Innate Abilities, Weirdness & Mutations

((You are very nimble when in or above water. (Stealth+, EV+, Speed+++)))
Your lower body shifts to a powerful aquatic tail in water.


Message History

You hit the orc wizard.
The orc wizard is moderately wounded.
The orc wizard hits you with a +0 dagger.
You hit the orc wizard.
The orc wizard is heavily wounded.
The orc wizard hits you but does no damage.
You closely miss the orc wizard.
The orc wizard is heavily wounded.
The orc wizard hits you but does no damage.
You hit the orc wizard.
The orc wizard is severely wounded.
The orc wizard hits you with a +0 dagger.
You closely miss the orc wizard.
The orc wizard is severely wounded.
The orc wizard hits you but does no damage.
The orc wizard gestures at you while chanting.
The puff of flame hits you.
* * * LOW HITPOINT WARNING * * *
You slash the orc wizard!
You kill the orc wizard!
Your Dodging skill increases to level 3!
You have reached level 4!
You hit the orc priest.
The orc priest is moderately wounded.
The orc priest hits you with a +0 dagger.
* * * LOW HITPOINT WARNING * * *
It was a potion of resistance.
You feel protected.
The orc priest hits you with a +0 dagger.
* * * LOW HITPOINT WARNING * * *
Unknown command.
You hit the orc priest.
The orc priest is heavily wounded.
The orc priest hits you with a +0 dagger.
* * * LOW HITPOINT WARNING * * *
You hit the orc priest.
The orc priest is severely wounded.
The orc priest calls down the wrath of Beogh upon you.
Pain shoots through your body!
You die...

#. .. ##.# ##.. #.#
#.#.#. ..# #..##.... #.#
...... ##.##
#.#.#######...#####
####................#
#...).#######...###.####
#.###)########.## #.....
# #.o@.......# ######
#.########## ...# #####


You could see an orc priest.

Vanquished Creatures
  An orc wizard (D:3)
  An adder (D:2)
  2 orcs (D:3)
  4 bats
  2 endoplasms
  A giant cockroach (D:1)
  2 goblins (D:1)
  A hobgoblin (D:2)
  4 kobolds
  A quokka (D:1)
  2 ball pythons
  2 rats
23 creatures vanquished.

Notes
Turn   | Place    | Note
-------+----------+-------------------------------------------
     0 | D:1      | rocky1 the Merfolk Reaver began the quest for the Orb.
     0 | D:1      | Reached XP level 1. HP: 16/16 MP: 3/3
    11 | D:1      | Found Onlezats's Jewellery Emporium.
   168 | D:1      | Reached XP level 2. HP: 15/22 MP: 5/5
   397 | D:1      | Found Saufiugh's Armour Emporium.
   420 | D:1      | Found Obocek's Jewellery Boutique.
   430 | D:1      | Reached skill level 4 in Long Blades
   477 | D:1      | Found Zyuqykanwy's Book Shop.
  1407 | D:2      | Reached XP level 3. HP: 26/27 MP: 6/6
  1575 | D:2      | Found a faded altar of an unknown god.
  1625 | D:2      | You fall into a shaft and drop 1 floor!
  1692 | D:2      | Noticed Jessica
  1694 | D:2      | Noticed Natasha
  1771 | D:3      | Reached skill level 1 in Ice Magic
  1782 | D:3      | Reached XP level 4. HP: 8/34 MP: 7/7
  1785 | D:3      | Killed from afar by an orc priest

Illustrated notes

Levels and vault maps discovered:
D:1:      erik_arrival_blinker_ship, layout_loops_ring, serial_shops, shop,
          shop, shop, nicolae_shop_rolling_square
D:2:      layout_rooms, ebering_ecumenical_altar_hall, basic_altar,
          uniq_natasha, uniq_jessica
D:3:      layout_loops_ring, mainiacjoe_overflow_cross_hatched
D:4:      layout_basic, fedhas_altar_2, minmay_temple_entry_ruins,
          cheibrodos_sewer_entry_sluice, grunt_ministairs_12, uniq_duvessa

Skill      XL: |  1  2  3 |
---------------+----------+-----
Long Blades    | 4 |  4.8
Ice Magic      | 1 |  1.3
Dodging        | 3 |  3.0
Fighting       | |  2.3
Armour         | |  0.3
Stealth        | |  0.1
Spellcasting   | |  2.0
Conjurations   | |  2.6

Action                     |  1- 3 |  4- 6 || total
---------------------------+-------+-------++-------
  Melee: Falchion          |    81 |     3 ||    84
  Throw: Boomerang         |     2 |       ||     2
    Use: Scroll            |     4 |       ||     4
         Potion            |       |     1 ||     1
 Armour: Leather armour    |    38 |       ||    38
  Dodge: Dodged            |    58 |       ||    58

Table legend: (Time is in decaauts)
 A = Elapsed time spent in this place.
 B = Non-inter-level travel time spent in this place.
 C = Inter-level travel time spent in this place.
 D = Time resting spent in this place.
 E = Time spent auto-exploring this place.
 F = Levels seen in this place.
 G = Mean time per level.
                   A        B        C        D        E       F      G
               +--------+--------+--------+--------+--------+-----+--------+
         Total |   1792 |   1716 |     76 |    869 |    513 |   4 |  448.0 |
       Dungeon |   1792 |   1716 |     76 |    869 |    513 |   4 |  448.0 |
               +--------+--------+--------+--------+--------+-----+--------+

Top non-repeatable levels by time:
     D:1: 1402 daAuts
     D:2: 263 daAuts
     D:3: 124 daAuts
     D:4: 1 daAuts
